 Dungeon Crawl Stone Soup version 0.30-a0-702-gdf48620a09 (webtiles) character file.

Game seed: 1254914854703785801

65 avis the Shooter (level 3, 0/29 HPs)
             Began as a Demigod Hunter on Jan 22, 2023.
             Slain by a gnoll
             ... wielding a +0 spear
              (4 damage)
             ... on level 3 of the Dungeon.
             The game lasted 00:08:20 (2132 turns).

avis the Shooter (Demigod Hunter)                   Turns: 2132, Time: 00:08:20

Health: 0/29       AC:  3    Str: 12    XL:     3   Next: 66%
Magic:  5/5        EV: 13    Int: 11    God:
Gold:   137        SH:  0    Dex: 21    Spells: 2/2 levels left

rFire   . . .      SeeInvis +    a - +0 shortbow
rCold   . . .      Faith    .    (shield currently unavailable)
rNeg    . . .      Spirit   .    c - +0 leather armour
rPois   .          Reflect  .    (no helmet)
rElec   .          Harm     .    (no cloak)
rCorr   .          Rampage  .    (no gloves)
Will    .....                    (no boots)
Stlth   ++                       (no amulet)
HPRegen 0.24/turn                s - ring of see invisible
MPRegen 0.09/turn                (no ring)

@: no status effects
A: high MP 1, forlorn, divine attributes
a: no special abilities


You were on level 3 of the Dungeon.
You visited 1 branch of the dungeon, and saw 3 of its levels.

You collected 137 gold pieces.

Inventory:

Hand Weapons
 a - a +0 shortbow (weapon)
 b - a +1 dagger of venom
 m - a +0 short sword of venom
 o - a +0 long sword
 r - a +0 rapier
Missiles
 d - 4 poisoned darts
 g - 2 boomerangs
Armour
 c - a +0 leather armour (worn)
Jewellery
 s - a ring of see invisible (left hand)
Scrolls
 e - a scroll of teleportation {unknown}
 h - 2 scrolls of identify {unknown}
 i - a scroll of immolation
 p - 2 scrolls of vulnerability {unknown}
 q - a scroll of enchant armour {unknown}
Potions
 f - 2 potions of heal wounds {unknown}
 j - a potion of attraction {unknown}
 k - a potion of cancellation {unknown}
 l - a potion of haste {unknown}
 n - a potion of degeneration {unknown}
 t - a potion of flight {unknown}
 u - a potion of might {unknown}
 v - a potion of curing


   Skills:
 - Level 2.0 Fighting
 - Level 4.0 Ranged Weapons
 - Level 3.0 Dodging
 + Level 1.9 Stealth


You had 2 spell levels left.
You didn't know any spells.
Your spell library contained the following spells:

 Spells                   Type           Power      Damage    Failure   Level
 Apportation              Tloc           0%         N/A       41%         1
 Necrotise                Necr           0%         1d4       41%         1
 Summon Small Mammal      Summ           0%         N/A       41%         1


Dungeon Overview and Level Annotations

Branches:
Dungeon (3/15)


Innate Abilities, Weirdness & Mutations

You have an increased reservoir of magic. (+10% MP)
You shall have no god before yourself.
Your divine heritage dramatically boosts your attributes as you level up.


Message History

Aim: a gnoll, wielding a +0 club and quivering boomerangs (severely wounded, 68% to hit)
You shoot an arrow. The arrow barely misses the gnoll. x2
The gnoll hits you but does no damage. The gnoll misses you.
The gnoll barely misses you.
Fire: a) +0 shortbow
Press: ? - help, Q - select action, (/) - cycle Shift-Dir - straight line, f/p - gnoll
Aim: a gnoll, wielding a +0 club and quivering boomerangs (severely wounded, 68% to hit)
You shoot an arrow. The arrow closely misses the gnoll.
The arrow hits the gnoll!
The gnoll is almost dead.
The gnoll hits you from afar with a +0 halberd!
* * * LOW HITPOINT WARNING * * *
The gnoll hits you with a +0 club.
* * * LOW HITPOINT WARNING * * *
It was a potion of curing.
You feel better. The gnoll misses you. The gnoll barely misses you.
Fire: a) +0 shortbow
Press: ? - help, Q - select action, (/) - cycle Shift-Dir - straight line, f/p - gnoll
Aim: a gnoll, wielding a +0 club and quivering boomerangs (severely wounded, 68% to hit)
You shoot an arrow. The arrow hits the gnoll!
You kill the gnoll!
The gnoll hits you from afar with a +0 halberd!
* * * LOW HITPOINT WARNING * * *
Fire: a) +0 shortbow
Press: ? - help, Q - select action, (/) - cycle Shift-Dir - straight line, f - gnoll
Aim: a gnoll, wielding a +0 halberd (almost dead, 68% to hit)
You shoot an arrow. The arrow hits the gnoll!
You kill the gnoll!
The gnoll closely misses you.
Training target 4.0 for Ranged Weapons reached!
Training target 3.0 for Dodging reached!
Your Ranged Weapons skill increases to level 4!
Your Dodging skill increases to level 3!
Fire: a) +0 shortbow
Press: ? - help, Q - select action, (/) - cycle Shift-Dir - straight line, f - gnoll
Aim: a gnoll, wielding a +0 spear (69% to hit)
You shoot an arrow. The arrow hits the gnoll.
The gnoll is lightly wounded.
The gnoll hits you from afar with a +0 spear.
You die...

... ........ ...
........ #.#
........ #>#
....... #####.##
...... #......#
...... #......#
####.# ......
#......###.....#.
....^.
#......g)@.......
......
#......###.....##
...... #......#
...?## ......
#......# ....#
#......# ....#
######## ....#
#####


You could see a gnoll.

Vanquished Creatures
  3 gnolls (D:3)
  2 dart slugs (D:2)
  3 bats
  3 endoplasms
  A giant cockroach (D:1)
  3 goblins
  5 hobgoblins
  A kobold (D:2)
  4 quokkas (D:1)
  2 ball pythons (D:3)
  A frilled lizard (D:1)
  2 rats
30 creatures vanquished.

Notes
Turn   | Place    | Note
-------+----------+-------------------------------------------
     0 | D:1      | avis the Demigod Hunter began the quest for the Orb.
     0 | D:1      | Reached XP level 1. HP: 17/17 MP: 3/3
   175 | D:1      | Reached skill level 1 in Stealth
   500 | D:1      | Reached XP level 2. HP: 24/24 MP: 4/4
  2109 | D:3      | Reached XP level 3. HP: 29/29 MP: 5/5
  2132 | D:3      | Reached skill level 4 in Ranged Weapons
  2132 | D:3      | Slain by a gnoll

Illustrated notes

Levels and vault maps discovered:
D:1:      wheals_arrival_linesprint, layout_basic,
          hellmonk_ecumenical_altar_crossroads, minmay_misc_feat_alley
D:2:      layout_loops_corners
D:3:      layout_rooms

Skill      XL: |  1  2  3 |
---------------+----------+-----
Stealth        | 1 |  1.9
Dodging        | 2 3 |  3.0
Fighting       | 2 |  2.0
Ranged Weapons | 4 |  4.0

Action                   || total
-------------------------++-------
Melee: Short sword       ||    14
       Dagger            ||     2
 Fire: Shortbow          ||    76
  Use: Potion            ||     1
Armor: Leather armour    ||     8
Dodge: Dodged            ||    28

Table legend: (Time is in decaauts)
 A = Elapsed time spent in this place.
 B = Non-inter-level travel time spent in this place.
 C = Inter-level travel time spent in this place.
 D = Time resting spent in this place.
 E = Time spent auto-exploring this place.
 F = Levels seen in this place.
 G = Mean time per level.
                   A        B        C        D        E       F      G
               +--------+--------+--------+--------+--------+-----+--------+
         Total |   2156 |   1891 |    265 |    105 |   1406 |   3 |  718.7 |
       Dungeon |   2156 |   1891 |    265 |    105 |   1406 |   3 |  718.7 |
               +--------+--------+--------+--------+--------+-----+--------+

Top non-repeatable levels by time:
     D:2: 1041 daAuts
     D:1: 1003 daAuts
     D:3: 111 daAuts
